 Dungeon Crawl Stone Soup version 0.30-a0-1043-g60ff8d5f49 (webtiles) character file.

Game seed: 16877202313180088293

338 mandoloar the Insei (level 6, 0/61 HPs)
             Began as an Octopode Transmuter on Apr 10, 2023.
             Was an Initiate of Cheibriados.
             Slain by Grinder (2 damage)
             ... on level 5 of the Dungeon.
             The game lasted 00:10:47 (6188 turns).

mandoloar the Insei (Octopode Transmuter)           Turns: 6188, Time: 00:10:47

Health: 0/61       AC: 23    Str: 11    XL:     6   Next: 55%
Magic:  4/19       EV:  2    Int: 18    God:    Cheibriados [......]
Gold:   232        SH:  0    Dex: 13    Spells: 4/11 levels left

rFire   . . .      SeeInvis .      - Unarmed
rCold   . . .      Faith    .    (no shield)
rNeg    . . .      Spirit   .    (helmet currently unavailable)
rPois   +          Reflect  .    (no amulet)
rElec   .          Rampage  .    i - ring of flight
rCorr   .          NoTele   +    k - ring of magical power
Will    .....                    l - ring of poison resistance
Stlth   +                        (no ring)
HPRegen 0.30/turn                (no ring)
MPRegen 0.16/turn                (no ring)
                                 (no ring)
                                 (no ring)

@: tree-form, very slightly contaminated, very slow
A: stationary, stasis, torment immunity, boosted hp, almost no armour,
(amphibious), 8 rings, (camouflage 1), (gelatinous body 1), (nimble swimmer 1),
(tentacles)
a: Renounce Religion


You were on level 5 of the Dungeon.
You worshipped Cheibriados.
Cheibriados was noncommittal.
You were a tree.
You visited 2 branches of the dungeon, and saw 6 of its levels.

You collected 232 gold pieces.

Inventory:

Hand Weapons
 a - the +4 sling of the Demagogue {freeze, Will+ MP+9 Str+3}
   (You found it on level 2 of the Dungeon)

   Str:       It affects your strength (+3).
   MP:        It affects your magic capacity (+9).
   Will:      It increases your willpower.
 c - a +1 sling
Jewellery
 i - a ring of flight (left branch)
 k - a ring of magical power (right branch)
 l - a ring of poison resistance (on tentacle)
Scrolls
 b - 2 scrolls of teleportation
 j - 3 scrolls of amnesia
Potions
 d - 3 potions of magic
 f - a potion of might
 g - a potion of haste {unknown}
 h - 2 potions of berserk rage {unknown}
 m - a potion of heal wounds {unknown}
 n - 2 potions of curing {unknown}
 o - 2 potions of degeneration {unknown}
 p - a potion of cancellation {unknown}


   Skills:
 + Level 2.7 Fighting
 + Level 3.2 Dodging
 + Level 3.9 Unarmed Combat
 + Level 3.0 Spellcasting
 + Level 3.2 Transmutations
 + Level 2.3 Ice Magic


You had 4 spell levels left.
You knew the following spells:

 Your Spells              Type           Power      Damage    Failure   Level
a - Beastly Appendage     Tmut           28%        N/A       4%          1
b - Wereblood             Tmut           14%        N/A       6%          2
c - Ice Form              Ice/Tmut       12%        N/A       45%         4

Your spell library contained the following spells:

 Spells                   Type           Power      Damage    Failure   Level
 Sting                    Tmut/Pois      32%        1d4       9%          1
 Ensorcelled Hibernation  Hex/Ice        12%        N/A       16%         2
 Poisonous Vapours        Pois/Air       4%         N/A       24%         2
 Spider Form              Tmut/Pois      8%         N/A       26%         3
 Ignite Poison            Fire/Tmut/Pois 6%         N/A       30%         3
 Anguish                  Hex/Necr       1%         N/A       85%         4
 Olgreb's Toxic Radiance  Pois           2%         N/A       85%         4
 Sticky Flame             Conj/Fire      2%         2d3       85%         4
 Ignition                 Fire           1%         3d3       100%        8


Dungeon Overview and Level Annotations

Branches:
Dungeon (5/15)             Temple (1/1) D:5

Altars:
Cheibriados
Dithmenos
Elyvilon
Gozag
Kikubaaqudgha
Makhleb
Nemelex Xobeh
Qazlal
Trog
Vehumet
Wu Jian
Yredelemnul

Shops:
D:1 ?

Annotations:
D:3 2 transporters, cheesebisquit's ghost, amateur DrAE
D:5 Grinder


Innate Abilities, Weirdness & Mutations

You are a tree.
Your roots penetrate the ground, keeping you stationary.
You cannot be teleported.
You are immune to unholy pain and torment.
Your maximum health is greatly increased.
You cannot wear most types of armour.
((You are amphibious.))
You can wear up to eight rings at the same time.
((Your skin changes colour to match your surroundings (Stealth+).))
((Your rubbery body absorbs attacks. (AC +1, EV +1)))
((You are camouflaged when in or above water. (Stealth+)))
((You have tentacles for arms and can constrict up to eight enemies at once.))


Message History

You hit the iguana.
The iguana seems to slow down.
You freeze the iguana.
The iguana is severely wounded.
The iguana misses you.
You punch the iguana! You freeze the iguana.
You kill the iguana!
You start resting.
Magic restored.
You start resting.
HP restored.
Your transformation is almost over.
Grinder gestures at you.
You suddenly lose the ability to move!
You warm up again.
You can move again.
Casting: Ice Form (extremely dangerous; 45% risk of failure)
Confirm with . or Enter, or press ? or * to list all spells.
You miscast Ice Form.
You are very lightly contaminated with residual magic.
Nothing appears to happen.
Casting: Ice Form (extremely dangerous; 45% risk of failure)
Confirm with . or Enter, or press ? or * to list all spells.
You miscast Ice Form.
You are caught in an explosion of ice and frost!
Casting: Ice Form (extremely dangerous; 45% risk of failure)
Confirm with . or Enter, or press ? or * to list all spells.
You miscast Ice Form.
Nothing appears to happen.
Grinder hits you.
You writhe in agony.
Casting: Ice Form (extremely dangerous; 45% risk of failure)
Confirm with . or Enter, or press ? or * to list all spells.
You miscast Ice Form.
Your tentacles feel numb with cold!
Grinder misses you.
Really quaff the potion of lignification?
You turn into a tree.
Your roots penetrate the ground.
Grinder hits you!
* * * LOW HITPOINT WARNING * * *
You writhe in agony.
* * * LOW HITPOINT WARNING * * *
You hit Grinder.
Grinder is lightly wounded.
Grinder hits you.
* * * LOW HITPOINT WARNING * * *
You writhe in agony.
You die...

#.#<......#
#.#..####.# #....#
#...# ###.## ###...#
## #.# ##....# #.
#####.### .....#.# #.
##### #.......# .. .#
. #. ....#
#.....#.#.# # #.
....# #.....#♣5.# ##
.#..# #.....######
....# #..........#
.#..## #......(...#
.....# ###..........#
.#.#.# #............#
...#.###.#####......#
.#.#.#...# #......#
....÷..### ########


You could see Grinder.

Vanquished Creatures
  A centaur (D:3)
  A jelly (D:5)
  A hound (D:4)
  An orc priest (D:4)
  An iguana (D:5)
  5 adders
  A shadow imp (D:5)
  An ufetubus (D:3)
  2 dart slugs
  8 orcs
  4 ball pythons
  6 bats
  3 endoplasms (D:2)
  5 giant cockroaches
  5 goblins
  7 hobgoblins
  7 jackals
  4 kobolds
  3 quokkas
  A frilled lizard (D:2)
  3 rats
70 creatures vanquished.

Notes
Turn   | Place    | Note
-------+----------+-------------------------------------------
     0 | D:1      | mandoloar the Octopode Transmuter began the quest for the
                  | Orb.
     0 | D:1      | Reached XP level 1. HP: 13/13 MP: 3/3
   399 | D:1      | Found Ecviungy's Magic Scroll Emporium.
   411 | D:1      | Reached XP level 2. HP: 18/18 MP: 1/5
   754 | D:1      | Learned a level 2 spell: Wereblood
   861 | D:2      | Identified the +4 sling of the Demagogue {freeze, Will+
                  | MP+9 Str+3}
  1111 | D:2      | Reached XP level 3. HP: 23/23 MP: 6/6
  1345 | D:2      | Reached skill level 1 in Ice Magic
  1890 | D:3      | Reached XP level 4. HP: 29/29 MP: 7/7
  2784 | D:3      | Noticed a centaur
  2972 | D:2      | Learned a level 4 spell: Ice Form
  2981 | D:3      | Killed a centaur
  2982 | D:3      | Reached XP level 5. HP: 21/34 MP: 9/9
  3636 | D:3      | Found a transporter.
  3639 | D:3      | Noticed cheesebisquit's ghost (amateur DrAE)
  3778 | D:3      | Found a transporter.
  5091 | D:4      | Reached XP level 6. HP: 41/41 MP: 10/10
  5133 | D:4      | Found a shadowy altar of Dithmenos.
  5523 | D:5      | Entered Level 5 of the Dungeon
  5850 | D:5      | Found a staircase to the Ecumenical Temple.
  5866 | Temple   | Entered the Ecumenical Temple
  5952 | Temple   | Became a worshipper of Cheibriados the Contemplative
  6092 | D:5      | Noticed Grinder
  6181 | D:5      | Paralysed by Grinder for 2 turns
  6188 | D:5      | HP: 2/61 [Grinder (5)]
  6188 | D:5      | Slain by Grinder

Illustrated notes

Levels and vault maps discovered:
D:1:      erik_arrival_triangle_small, layout_loops_cross, serial_shops,
          nicolae_shop_advertising_works [nicolae_subvault_shop_adworks],
          serial_forest, infiniplex_forest_lined_room_2,
          infiniplex_forest_lined_corner, infiniplex_forest_lined_ring,
          infiniplex_forest_lined_room_2, infiniplex_forest_clump_tiny,
          infiniplex_forest_lined_2, infiniplex_forest_clump_medium,
          infiniplex_forest_lined_2, infiniplex_forest_straight_2
D:2:      wander_river, layout_rooms, minmay_misc_feat_five,
          minmay_quadrilaterals
D:3:      layout_basic, gammafunk_ghost_mausoleum
D:4:      layout_basic, nicolae_overflow_crystal_walls
D:5:      layout_basic, minmay_temple_entry_glass, nicolae_shop_dragon_depot,
          uniq_grinder
Temple:   nicolae_temple_bog_church

Skill      XL: |  1  2  3  4  5  6 |
---------------+-------------------+-----
Ice Magic      | 1 2 |  2.3
Fighting       | 2 |  2.7
Transmutations | 3 |  3.2
Dodging        | 3 |  3.2
Spellcasting   | 3 |  3.0
Unarmed Combat | |  3.9

Action                     |  1- 3 |  4- 6 || total
---------------------------+-------+-------++-------
  Melee: Unarmed           |    27 |    47 ||    74
         Kick              |     9 |    12 ||    21
         Constrict         |     8 |     9 ||    17
         Tentacles         |     3 |     1 ||     4
   Fire: Sling             |    35 |    37 ||    72
   Cast: Beastly Appendage |    10 |    12 ||    22
         Ice Form          |       |     6 ||     6
    Use: Scroll            |       |    10 ||    10
         Potion            |       |     1 ||     1
 Armour: Skin              |     5 |    17 ||    22
  Dodge: Dodged            |    17 |    38 ||    55

Table legend: (Time is in decaauts)
 A = Elapsed time spent in this place.
 B = Non-inter-level travel time spent in this place.
 C = Inter-level travel time spent in this place.
 D = Time resting spent in this place.
 E = Time spent auto-exploring this place.
 F = Levels seen in this place.
 G = Mean time per level.
                   A        B        C        D        E       F      G
               +--------+--------+--------+--------+--------+-----+--------+
         Total |   6249 |   5681 |    568 |   2063 |   2980 |   6 | 1041.5 |
       Dungeon |   6052 |   5491 |    561 |   2063 |   2811 |   5 | 1210.4 |
        Temple |    197 |    190 |      7 |      0 |    168 |   1 |  197.0 |
               +--------+--------+--------+--------+--------+-----+--------+

Top non-repeatable levels by time:
     D:3: 1919 daAuts
     D:4: 1632 daAuts
     D:2: 1331 daAuts
     D:1: 821 daAuts
     D:5: 347 daAuts
  Temple: 197 daAuts
